 Dungeon Crawl Stone Soup version 0.19-a0-49-gb8736b8 (webtiles) character file.

7259 zxpr0jk the Cleaver (level 10, -2/90 HPs)
             Began as a Minotaur Fighter on May 7, 2016.
             Was a High Priest of Zin.
             Slain by a hill giant
             ... wielding a +0 giant club
              (15 damage)
             ... on level 12 of the Dungeon.
             The game lasted 00:28:20 (7221 turns).

zxpr0jk the Cleaver (Minotaur Fighter)              Turns: 7221, Time: 00:28:21

Health: -2/90      AC: 17    Str: 32    XL:     10   Next: 88%
Magic:  13/13      EV: 14    Int:  9    God:    Zin [*****.]
Gold:   332        SH: 15    Dex: 16    Spells: 0 memorised, 9 levels left

rFire  . . .     SeeInvis .     K - +1 dagger of Extinguishment {venom, Str+4}
rCold  . . .     Gourm    .     d - +2 chain mail of the Twelve Curses {*Drain +Blink Int+2 Stlth+}
rNeg   . . .     Faith    .     c - +0 shield
rPois  ∞         Spirit   .     (helmet restricted)
rElec  .         Dismiss  .     b - +0 cloak
rCorr  .         Reflect  +     s - +0 pair of gloves
SustAt .         Harm     .     G - +2 pair of boots {run}
MR     .....                    v - +4 amulet of reflection
Stlth  ..........               g - +2 ring of evasion
                                F - +4 ring of strength

@: vitalised, quick, not resistant to hostile enchantments, extremely unstealthy
A: retaliatory headbutt, horns 2, agile 1, deterioration 1
a: Recite, Vitalisation, Imprison, Sanctuary, Donate Gold, Renounce Religion,
Evoke Blink


You were on level 12 of the Dungeon.
You worshipped Zin.
Zin was extremely pleased with you.
You were not hungry.

You visited 2 branches of the dungeon, and saw 12 of its levels.

You collected 695 gold pieces.
You spent 294 gold pieces at shops.
You donated 69 gold pieces to Zin.

Inventory:

Hand Weapons
 K - the +1 dagger of Extinguishment (weapon) {venom, Str+4}
   (You found it on level 6 of the Dungeon)

   It poisons the flesh of those it strikes.
   It affects your strength (+4).
Missiles
 z - 6 tomahawks (quivered)
Armour
 b - a +0 cloak (worn)
 c - a +0 shield (worn)
 d - the +2 chain mail of the Twelve Curses (worn) {*Drain +Blink Int+2 Stlth+}
   (You bought it in a shop on level 7 of the Dungeon)

   It affects your intelligence (+2).
   It lets you blink.
   It causes draining when unequipped.
   It makes you more stealthy.
 s - a +0 pair of gloves (worn)
 G - a +2 pair of boots of running (worn)
Jewellery
 g - a +2 ring of evasion (right hand)
 v - a +4 amulet of reflection (around neck)
 F - a +4 ring of strength (left hand)
Wands
 w - a wand of teleportation (2/9)
 E - a wand of lightning (6/15)
 H - a wand of flame (28/48)
 M - a wand of disintegration (13/24)
Scrolls
 e - a scroll of enchant weapon {unknown}
 h - 7 scrolls of remove curse
 j - 2 scrolls of teleportation
 m - 8 scrolls of identify
 n - a scroll of summoning {unknown}
 o - 2 scrolls of blinking {unknown}
 r - a scroll of magic mapping {unknown}
 x - a scroll of torment {unknown}
 y - a scroll of enchant armour {unknown}
 A - 4 scrolls of fog {unknown}
 C - 2 scrolls of noise {unknown}
Potions
 a - a potion of ambrosia {unknown}
 k - a potion of cure mutation {unknown}
 l - a potion of brilliance
 u - 2 potions of magic
Comestibles
 f - 8 bread rations
 i - 8 slices of pizza
 p - 7 meat rations
 q - 2 beef jerkies
 t - 4 fruits
 B - 4 chunks of flesh


   Skills:
 - Level 8.6 Fighting
 + Level 7.4 Short Blades
   Level 11.3 Axes
 - Level 5.0 Armour
 + Level 8.0 Dodging
 - Level 5.0 Shields
 - Level 5.5 Invocations


You had 9 spell levels left.
You didn't know any spells.

Dungeon Overview and Level Annotations

Branches:
Dungeon (10/15)            Temple (1/1) D:6            Lair (0/8) D:10
    Orc: D:9-12

Altars:
Ashenzari
Cheibriados
Dithmenos
Elyvilon
Fedhas
Gozag
Kikubaaqudgha
Makhleb
Nemelex Xobeh
Okawaru
Pakellas
Qazlal
Ru
Sif Muna
Trog
Vehumet
Yredelemnul
Zin
The Shining One

Shops:
D:7 [[

Annotations:
D:7 zxpr0jk's ghost, novice MiFi
D:10 exclusion: oklob plant


Innate Abilities, Weirdness & Mutations

You reflexively headbutt those who attack you in melee.
You have a pair of horns on your head.
You are agile. (Dex +2)
Your body sometimes deteriorates upon taking damage.


Message History

You hit the wyvern but do no damage. You headbutt the wyvern.
The wyvern is severely wounded.
The wyvern bites you but does no damage.
You block the wyvern's attack.
You hit the wyvern but do no damage. You headbutt the wyvern.
You kill the wyvern!
Your Dodging skill increases to level 8!
You see here a wyvern corpse.
You butcher the wyvern corpse.
B - 4 chunks of flesh
There are no items here.
You start resting.
Magic restored.
You start resting.
Something unseen opens the door.
Found a scroll labeled ZUER ZUASU.
Found a stone staircase leading up.
A worker ant and a hill giant come into view.
The worker ant twitches its antennae in your direction.
The hill giant shouts!
The hill giant hits you with a giant club!
You die...

######+### #.......<#
+....a...# #........#
#...>....+ #........#
#.....C.?# ###@#
##...# #..###
###.#######
#.........#
#.........#
####.........#
+.............# ... #
#####.........♣..≈≈≈.


You could see a hill giant and a worker ant.

Vanquished Creatures
  The ghost of joecarrot the Ruffian, a novice TrMo of Makhleb (D:4)
  A troll (D:5)
  A two-headed ogre (D:10)
  Sigmund (D:2)
  2 wyverns
  A basilisk (D:12)
  4 yaks
  2 hogs (D:9)
  A hippogriff (D:10)
  2 hungry ghosts
  A human (D:9)
  3 water moccasins
  6 orc warriors
  A phantom (D:7)
  3 ice beasts
  6 ogres
  An eye of draining (D:10)
  The ghost of Snicker the Sneak, an amateur DsAs (D:3)
  5 centaurs
  4 giant frogs
  A gnoll sergeant (D:9)
  2 scorpions
  8 wights
  3 crimson imps
  A giant frog skeleton (D:10)
  A giant frog zombie (D:5)
  3 hounds
  6 orc priests
  6 orc wizards
  2 centaur skeletons
  Ijyb (D:2)
  3 iguanas
  7 worker ants
  A sheep (D:9)
  A hound zombie (D:6)
  A howler monkey zombie (D:9)
  11 adders
  7 gnolls
  4 shadow imps
  An ooze (D:3)
  An adder skeleton (D:4)
  A worm (D:4)
  2 dart slugs
  44 orcs
  6 giant cockroaches
  5 goblins
  7 hobgoblins
  5 jackals
  8 kobolds
  4 quokkas
  2 ball pythons
  9 bats
  6 giant newts
  A jackal skeleton (D:4)
  3 rats
221 creatures vanquished.

Notes
Turn   | Place    | Note
--------------------------------------------------------------
     0 | D:1      | zxpr0jk the Minotaur Fighter began the quest for the Orb.
     0 | D:1      | Reached XP level 1. HP: 19/19 MP: 0/0
    51 | D:1      | Reached skill level 3 in Axes
    51 | D:1      | Reached XP level 2. HP: 27/27 MP: 1/1
   652 | D:2      | Reached XP level 3. HP: 33/33 MP: 2/2
   730 | D:2      | Reached skill level 4 in Axes
   925 | D:2      | Noticed Sigmund
   939 | D:2      | Killed Sigmund
   939 | D:2      | Reached skill level 5 in Fighting
   939 | D:2      | Reached skill level 6 in Axes
   939 | D:2      | Reached XP level 4. HP: 21/42 MP: 3/3
   939 | D:2      | Reached XP level 5. HP: 25/48 MP: 4/4
  1200 | D:2      | Noticed Ijyb
  1213 | D:2      | Killed Ijyb
  1300 | D:3      | Noticed Snicker's ghost (amateur DsAs)
  1318 | D:3      | Killed Snicker's ghost
  1318 | D:3      | Reached XP level 6. HP: 57/57 MP: 5/5
  1441 | D:3      | Reached skill level 7 in Axes
  1482 | D:3      | Found an ancient bone altar of Kikubaaqudgha.
  1778 | D:4      | Reached XP level 7. HP: 55/63 MP: 6/6
  1877 | D:4      | Found a bloodstained altar of Trog.
  1903 | D:4      | Noticed joecarrot's ghost (novice TrMo)
  1920 | D:4      | Killed joecarrot's ghost
  1920 | D:4      | Reached skill level 9 in Axes
  2341 | D:4      | Found a glowing silver altar of Zin.
  2425 | D:5      | Entered Level 5 of the Dungeon
  2453 | D:5      | Reached XP level 8. HP: 32/73 MP: 7/7
  2856 | D:5      | Reached skill level 10 in Axes
  2894 | D:5      | Identified a +2 pair of boots of running (You found it on level 5 of the Dungeon)
  3091 | D:5      | Noticed a troll
  3099 | D:5      | Killed a troll
  3099 | D:5      | Reached skill level 11 in Axes
  3313 | D:4      | Became a worshipper of Zin the Law-Giver
  3313 | D:4      | Reached * piety under Zin
  3390 | D:6      | Reached skill level 1 in Invocations
  3495 | D:6      | Reached XP level 9. HP: 71/82 MP: 9/9
  3538 | D:6      | Reached ** piety under Zin
  3705 | D:6      | Got a twisted dagger
  3833 | D:6      | Reached skill level 5 in Invocations
  3978 | D:6      | Found a staircase to the Ecumenical Temple.
  3991 | Temple   | Entered the Ecumenical Temple
  4170 | D:7      | Reached skill level 1 in Dodging
  4197 | D:7      | Noticed zxpr0jk's ghost (novice MiFi)
  4204 | D:7      | Identified the cursed +1 dagger of Extinguishment {venom, Str+4} (You found it on level 6 of the Dungeon)
  4232 | D:7      | Gained mutation: Your body sometimes deteriorates upon taking damage. [potion of mutation]
  4232 | D:7      | Gained mutation: You are agile. (Dex +2) [potion of mutation]
  4256 | D:7      | HP: 1/82 [zxpr0jk's ghost (4)]
  4258 | D:7      | Found Vischomn's Antique Armour Emporium.
  4258 | D:7      | Found Ziokhloips's Antique Armour Shoppe.
  4276 | D:7      | Bought a steaming chain mail for 294 gold pieces
  4286 | D:7      | Identified the +2 chain mail of the Twelve Curses {*Drain +Blink Int+2 Stlth+} (You bought it in a shop on level 7 of the Dungeon)
  4596 | D:7      | Reached *** piety under Zin
  4697 | D:8      | Reached skill level 5 in Armour
  4700 | D:8      | Reached skill level 5 in Shields
  4908 | D:8      | Found a shadowy altar of Dithmenos.
  4927 | D:8      | Reached **** piety under Zin
  5119 | D:8      | Reached skill level 1 in Short Blades
  5399 | D:9      | Found an opulent altar of Gozag.
  5483 | D:9      | Reached XP level 10. HP: 87/90 MP: 13/13
  5560 | D:9      | Found an oddly glowing altar of Pakellas.
  5740 | D:9      | Reached skill level 5 in Dodging
  5911 | D:10     | Entered Level 10 of the Dungeon
  6025 | D:10     | Reached skill level 5 in Short Blades
  6551 | D:10     | Reached ***** piety under Zin
  6761 | D:10     | Found a staircase to the Lair.
  6763 | D:10     | Noticed an oklob plant
  7082 | D:10     | You fall through a shaft for 2 floors!
  7082 | D:12     | Noticed a skeletal warrior
  7082 | D:12     | Noticed a skeletal warrior
  7082 | D:12     | Noticed a skeletal warrior
  7221 | D:12     | Noticed a hill giant
  7221 | D:12     | Slain by a hill giant

Vault maps used:
D:1:      dpeg_arrival_court, minmay_misc_feat_encased,
          minmay_misc_feat_more_columns
D:2:      uniq_sigmund, uniq_iyjb
D:3:      kiku_gazebo_garden_becter
D:4:      nicolae_overflow_hidden_temple, kennysheep_mini_moat
D:5:      first_bread
D:6:      temple_fountains, minivault_22
D:7:      xom_confusion_cloud, serial_shops, shop, nicolae_shop_statue_plus,
          shop, shop
D:8:      kennysheep_little_box
D:9:      lemuel_coloured_pillars_altar, old_standard_altar, grunt_livestock
D:10:     dpeg_oklobed_lair
D:12:     david_orc_4, serial_bayou, serial_bayou_pond_a, serial_bayou_shore_a,
          serial_bayou_lagoon_a, serial_bayou_pond_a, minmay_holes,
          minivault_16, minmay_misc_feat_tiny, spider_trap
Temple:   nicolae_temple_god_jail

Skill      XL: |  1  2  3  4  5  6  7  8  9 10 |
---------------+-------------------------------+-----
Axes           | 3 6 7 9 11 | 11.3
Fighting       | 4 5 6 7 8 |  8.6
Invocations    | 2 5 |  5.5
Armour         | 5 |  5.0
Dodging        | 4 8 |  8.0
Shields        | 5 |  5.0
Short Blades   | 2 7 |  7.4

Action                   |  1- 3 |  4- 6 |  7- 9 | 10-12 || total
-------------------------+-------+-------+-------+-------++-------
Melee: War axe           |    70 |    16 |    20 |       ||   106
       Headbutt          |    11 |    15 |   103 |    84 ||   213
       Hand axe          |    16 |    52 |   243 |       ||   311
       Dagger            |       |       |   142 |   212 ||   354
Invok: Recite            |       |       |     7 |     8 ||    15
       Vitalisation      |       |       |       |     4 ||     4
  Use: Potion            |       |       |    11 |     2 ||    13
       Scroll            |       |       |     5 |     2 ||     7
 Stab: Invisible         |       |       |     2 |     2 ||     4
  Eat: Chunk             |       |     2 |     7 |     4 ||    13
       Bread ration      |       |       |     1 |       ||     1
       Pizza             |       |       |     1 |       ||     1
       Royal jelly       |       |       |       |     1 ||     1
Armor: Scale mail        |    41 |    10 |    68 |       ||   119
       Chain mail        |       |       |    38 |    48 ||    86
       Skin              |       |       |    21 |       ||    21
Dodge: Dodged            |    44 |    20 |    97 |    62 ||   223
Block: Shield            |    41 |    27 |   149 |   139 ||   356
       Reflection        |       |       |       |     1 ||     1
